[Event "*** Titled Tuesday Blitz"]
[Site "Chess.com"]
[Date "2018.01.02"]
[Round "9"]
[White "AndrewMcStone"]
[Black "plouarzel"]
[Result "1-0"]
[WhiteElo "2061"]
[BlackElo "2305"]
[TimeControl "180+2"]
[EndTime "15:00:49 PST"]
[Termination "AndrewMcStone won by resignation"]

1. d4 Nf6 2. c4 g6 3. Nc3 d5 4. cxd5 Nxd5 5. Bd2 Bg7 6. e4 Nb6 7. Be3 O-O 8. f4 f5 9. Qb3+ Kh8 10. Nf3 e6 11. e5 Nc6 12. h4 Ne7 13. h5 Kg8 14.
hxg6 hxg6 15. Ng5 Nbd5 16. Nxd5 Nxd5 17. Bd2 c6 18. Qh3 Re8 19. Qh7+ Kf8 20. Qxg6 Qc7 21. Nh7+ Kg8 22. Nf6+ Nxf6 23. exf6 Qf7 24. Qxg7+ Qxg7 25.
fxg7 Kxg7 26. O-O-O Bd7 27. Bd3 Rh8 28. g4 fxg4 29.
d5 Rxh1 30. Rxh1 exd5 31. Rh7+ Kf6 32. Rxd7 g3 33. Bc3+ d4 34. Bxd4+ Ke6 35. Rg7 Rd8 36. Bc4+ Kf5 37. Be5 b5 38. Be2 Rh8 39. Rxg3 Rh1+ 40. Kd2 Ke4 41. Bf3+ Kf5 42. Bxh1 1-0

[Event "*** Titled Tuesday Blitz"]
[Site "Chess.com"]
[Date "2018.01.02"]
[Round "9"]
[White "asms9699"]
[Black "DanielNaroditsky"]
[Result "0-1"]
[WhiteElo "2507"]
[BlackElo "2812"]
[TimeControl "180+2"]
[EndTime "15:00:50 PST"]
[Termination "DanielNaroditsky won by resignation"]

1. c4 e5 2. g3 h5 3. Bg2 h4 4. Nc3 Nc6 5. e3 Bc5 6. Nge2 h3 7. Bf3 a6 8. O-O Ba7 9. d4 d6 10. b4 Nge7 11. b5 axb5 12. cxb5 Na5 13. dxe5 Nf5 14. exd6 Nxd6 15. Ne4 Nac4 16. Nxd6+ Nxd6 17.
Bb2 Qg5 18. a4 O-O 19. Qd5 Nf5 20. e4 Nh4 21. Bh1 Qg4 22. Nf4 g5 23. Qe5 f6 24. Qd5+ Rf7 25. Bxf6 gxf4 26. Bxh4 Be6 27. Qxb7 Rff8 28. e5 Bd4 29. Rad1 Bxf2+ 30. Kxf2 fxg3+ 31. Ke3 g2 32. Bxg2 hxg2 33. Rg1 Qf4+ 34. Kd3 Qc4+ 35. Ke3 Qf4+ 36. Kd3 Bf5+ 37. Kc3 Qxe5+ 38. Kb4 Qb2+ 39. Kc5 Qc3+ 40. Kd5 Qf3+ 41. Ke5 Qxb7 0-1

[Event "*** Titled Tuesday Blitz"]
[Site "Chess.com"]
[Date "2018.01.02"]
[Round "9"]
[White "GM_Huschenbeth"]
[Black "Ginger_GM"]
[Result "0-1"]
[WhiteElo "2463"]
[BlackElo "2487"]
[TimeControl "180+2"]
[EndTime "15:00:52 PST"]
[Termination "Ginger_GM won by checkmate"]

1. e4 c5 2. Nf3 d6 3. d4 cxd4 4. Nxd4 Nf6 5. Nc3 g6 6. Be3 Bg7 7. Be2 O-O 8. Qd2 Nc6 9. O-O-O Bd7 10. f3 b5 11. Bxb5 Ne5 12. Be2 Rb8 13. g4 Qc8 14. g5 Nh5 15. b3 a5 16. a4 Nc6 17.
Nd5 Re8 18. Nb5 Be6 19. Ndc7 Rf8 20. Nxe6 fxe6 21. f4 Nb4 22. Bxh5 Rxb5 23. Bd4 Bxd4 24. c4 Bg7 25. axb5 gxh5 26. g6 h6 27. Rhf1 Qc5 28.
Qf2 Qc7 29. f5 a4 30. Qe2 axb3 31. Kd2 Qc5 32. Qe3 Qe5 33. Rb1 Ra8 34. Qxb3 Ra2+ 35. Qxa2 Qc3+ 36. Ke2 Qd3+ 37. Kf2 Bd4+ 38. Kg2 Qxe4+ 39.
Kg3 Qg4# 0-1

[Event "*** Titled Tuesday Blitz"]
[Site "Chess.com"]
[Date "2018.01.02"]
[Round "9"]
[White "Indianlad"]
[Black "Muracle"]
[Result "0-1"]
[WhiteElo "2647"]
[BlackElo "2534"]
[TimeControl "180+2"]
[EndTime "15:00:53 PST"]
[Termination "Muracle won by resignation"]

1. d4 Nf6 2. Nf3 g6 3. g3 Bg7 4. Bg2 O-O 5. O-O d5 6. Bf4 c5 7. c3 Nc6 8. dxc5 Ne4 9. Nbd2 Nxc5 10. Nb3 Na4 11. Qd2 Nb6 12. Rad1 Nc4 13. Qc1 Bf5 14. Nfd2 Nb6 15. e4 dxe4 16. Nxe4 Qc8 17. Rfe1 Bg4 18. f3 Be6 19. Nec5 Bd5 20. Bh6 a5 21. Bxg7 Kxg7 22. Nd4 Nxd4 23. cxd4 e6 24. h4 h5 25. Re5 Qd8 26. Qc3 a4 27. Rde1 Bxa2 28. d5 exd5 29. Re7+ d4 30. Ne6+ Bxe6 31. Qc5 Rc8 32.
Qe5+ Kg8 33. Qg5 Nd5 34. R1xe6 Nxe7 35. Rxe7 Rc7 36. Rxc7 Qxc7 37. f4 Qd8 38. Qb5 d3 39. Bd5 d2 40. Qd3 Qb6+ 41. Kg2 Rd8 42. Qxd2 Qc6 0-1

[Event "*** Titled Tuesday Blitz"]
[Site "Chess.com"]
[Date "2018.01.02"]
[Round "9"]
[White "LuisFSiles"]
[Black "SanQui14"]
[Result "1-0"]
[WhiteElo "2222"]
[BlackElo "2184"]
[TimeControl "180+2"]
[EndTime "15:00:58 PST"]
[Termination "LuisFSiles won by checkmate"]

1. d4 Nf6 2. c4 e6 3. Nc3 Bb4 4. e3 b6 5. Ne2 c5 6. a3 Ba5 7. Rb1 Na6 8. Bd2 Bb7 9. Qa4 Bc6 10. Qc2 O-O 11. d5 Bb7 12. e4 d6 13. Ng3 exd5 14.
exd5 Bxc3 15. Bxc3 b5 16. Qf5 bxc4 17. Bxc4 Re8+ 18.
Kf1 Nc7 19. Rd1 Qd7 20. Bxf6 Qxf5 21. Nxf5 gxf6 22. Nxd6 Reb8 23. Nxb7 Rxb7 24. d6 Ne6 25. Bd5 Rbb8 26. Bxa8 Rxa8 27. h4 Rb8 28. d7 Kf8 29. Rh3 Ke7 30. Rhd3 Kd8 31. b3 a5 32. Rc1 Kc7 33. Rc4 Kd8 34. Ra4 Rb5 35. Rd6 Ke7 36. Rd5 Kd8 37. g3 Kc7 38. Kg2 Kd8 39. Re4 Rxb3 40. Rg4 Ke7 41. Rg8 Nd8 42. Re8# 1-0

[Event "*** Titled Tuesday Blitz"]
[Site "Chess.com"]
[Date "2018.01.02"]
[Round "9"]
[White "dawtonlms"]
[Black "Divertissement"]
[Result "0-1"]
[WhiteElo "2394"]
[BlackElo "2436"]
[TimeControl "180+2"]
[EndTime "15:01:03 PST"]
[Termination "Divertissement won by resignation"]

1. e4 c5 2. Nf3 e6 3. d3 b6 4. g3 Bb7 5. Bg2 Nf6 6. O-O d6 7. Re1 Be7 8. c3 O-O 9. Nbd2 Nbd7 10. d4 cxd4 11. cxd4 Rc8 12. Qa4 a6 13. Qd1 Qc7 14. Qe2 Qc2 15. e5 Nd5 16. Ne4 dxe5 17. dxe5 Bb4 18.
Bd2 Bc5 19. Rab1 Nb4 20. Nxc5 bxc5 21. Rec1 Qd3 22. Qxd3 Nxd3 23. Rc3 Be4 24. Rd1 Nxb2 25. Re1 Bd5 26. Ng5 Bxg2 27. Kxg2 c4 28. Rb1 Nd3 29. f4 Rc6 30. Ne4 Nb6 31. Rc2 f6 32. exf6 gxf6 33. Bc3 Nd5 34. Bd4 e5 35. fxe5 fxe5 36.
Bg1 c3 37. Rb3 Rfc8 38. Bf2 N3b4 39. Rc1 c2 40. Rb2 Nd3 0-1

[Event "*** Titled Tuesday Blitz"]
[Site "Chess.com"]
[Date "2018.01.02"]
[Round "9"]
[White "sandager"]
[Black "Maili15"]
[Result "1-0"]
[WhiteElo "1973"]
[BlackElo "2267"]
[TimeControl "180+2"]
[EndTime "15:01:03 PST"]
[Termination "sandager won by checkmate"]

1. e4 c5 2. Nf3 d6 3. d4 cxd4 4. Nxd4 Nf6 5. Nc3 a6 6. Bg5 e6 7.
f4 h6 8. Bh4 Qb6 9. Qd2 Qxb2 10. Rb1 Qa3 11. Bf2 Nbd7 12. Be2 Be7 13. O-O Qa5 14.
Bf3 O-O 15. Rfe1 Qc7 16. Kh1 Rb8 17. e5 dxe5 18. fxe5 Nxe5 19. Rxe5 Qxe5 20. Bg3 Qxg3 21. hxg3 Rd8 22. Qf4 Bd6 23. Qh4 Be5 24. Nce2 g5 25. Qxh6 Nh7 26. c3 Bg7 27. Qh5 Bd7 28. Qh2 e5 29.
Nb3 Be6 30. Qg1 g4 31. Be4 Ng5 32. Qe3 Nxe4 33. Qxe4 f5 34. Qc2 Kf7 35. Nc5 Bd5 36.
c4 Rh8+ 37. Kg1 Be6 38. Nxe6 Kxe6 39. c5 Rh5 40. Rb6+ Ke7 41. Qc4 Rbh8 42. Qe6+ Kf8 43.
Kf1 Rh1+ 44. Ng1 e4 45. Rxb7 Rxg1+ 46. Kxg1 Bd4+ 47. Kf1 Rh1+ 48. Ke2 Bxc5 49. Qf7# 1-0

[Event "*** Titled Tuesday Blitz"]
[Site "Chess.com"]
[Date "2018.01.02"]
[Round "9"]
[White "TST2014"]
[Black "Hanging_pointer"]
[Result "0-1"]
[WhiteElo "2298"]
[BlackElo "2260"]
[TimeControl "180+2"]
[EndTime "15:01:14 PST"]
[Termination "Hanging_pointer won on time"]

1. d4 Nf6 2. c4 e6 3. Nf3 d5 4. Nc3 dxc4 5. e3 a6 6. Bxc4 b5 7. Bd3 Bb7 8. O-O Nbd7 9. Qe2 c5 10. a4 b4 11. Nd1 Qc7 12. a5 Bd6 13. e4 cxd4 14. Bg5 e5 15. Nh4 h6 16. Bd2 g6 17. b3 Kf8 18. Nb2 Nc5 19. Rfc1 Qe7 20. Bxb4 Nxb3 21. Bxd6 Qxd6 22. Nc4 Qe7 23. Nb6 Nxc1 24.
Rxc1 Rd8 25. Nf3 Kg7 26. Bxa6 Bxe4 27. Nd2 Bd5 28. Bb5 e4 29. Ra1 e3 30. fxe3 dxe3 31. Ndc4 Qc5 32. Rb1 Bxc4 33. Nxc4 Rb8 34. Nxe3 Rhe8 35.
Kf2 Rxe3 36. Qc4 Re5+ 37. Qxc5 Rxc5 38. a6 Rcxb5 39. a7 Rxb1 40. a8=Q Rxa8 0-1

[Event "*** Titled Tuesday Blitz"]
[Site "Chess.com"]
[Date "2018.01.02"]
[Round "9"]
[White "DrZeiss"]
[Black "Vamostodorecto"]
[Result "1-0"]
[WhiteElo "2175"]
[BlackElo "2342"]
[TimeControl "180+2"]
[EndTime "15:01:22 PST"]
[Termination "DrZeiss won by checkmate"]

1. e4 e5 2. Nf3 Nc6 3. Bb5 a6 4. Ba4 b5 5. Bb3 Nf6 6. O-O Bb7 7. Re1 Bc5 8. c3 d6 9. d4 Bb6 10. a4 O-O 11. Na3 exd4 12. cxd4 h6 13. Bf4 Na5 14. Bc2 b4 15. Nb1 b3 16. Bd3 Re8 17. Nc3 c5 18.
d5 c4 19. Bf1 Bc5 20. Qd2 Ng4 21. Bg3 Qb6 22. Rad1 Re7 23. h3 Nf6 24. Nd4 Nh5 25. Nf5 Rd7 26. Bh2 Re8 27. g4 Nf6 28. Bg3 Kh7 29. Kg2 Ng8 30. f3 g6 31. Ne3 Bxe3 32.
Rxe3 Rde7 33. Qd4 Qxd4 34. Rxd4 Rc8 35. Bxd6 Rd7 36. e5 Re8 37. Bb4 Nc6 38. dxc6 Rxd4 39. cxb7 Rd2+ 40. Re2 Rd7 41. Re4 Rxb7 42. Rxc4 Rxe5 43.
Ne4 Rd5 44. Bc3 f5 45. Nf6+ Nxf6 46. Bxf6 Rd2+ 47. Kg1 Rc2 48. Rd4 fxg4 49. Rd8 g5 50. Bd3# 1-0

[Event "*** Titled Tuesday Blitz"]
[Site "Chess.com"]
[Date "2018.01.02"]
[Round "9"]
[White "Angry_Serb"]
[Black "DagurR"]
[Result "1-0"]
[WhiteElo "2433"]
[BlackElo "2330"]
[TimeControl "180+2"]
[EndTime "15:01:42 PST"]
[Termination "Angry_Serb won by resignation"]

1. b3 Nf6 2. Bb2 g6 3. e3 Bg7 4.
Nf3 O-O 5. d4 d5 6. c4 c6 7. Bd3 Nbd7 8. O-O Ne4 9. Nc3 f5 10.
cxd5 Nxc3 11. Bxc3 cxd5 12. Bb4 a5 13. Ba3 a4 14. bxa4 Nb6 15. Bb5 Bd7 16. Qb3 Kh8 17. Bxd7 Nxd7 18. Qxd5 Rxa4 19. Bb2 Nb6 20. Qxb7 Nc4 21.
Rfc1 Qa8 22. Qxa8 Rfxa8 23. Rab1 Bf6 24. Bc3 Rxa2 25. Be1 Nd6 26. h3 Ne4 27. Rb7 Kg7 28. Ne5 Ra1 29. Rxa1 Rxa1 30. Kf1 Bxe5 31. Rxe7+ Kf6 32.
Rxe5 Nc3 33. f3 Nd1 34. Ke2 Nb2 35. Bc3 Ra2 36. Bxb2 Rxb2+ 37. Kf1 Rc2 38. Ra5 Rd2 39. Ra1 h5 40. Re1 h4 41. Re2 Rd1+ 42. Kf2 Ke6 43. Ra2 Kf6 44. Ke2 Rg1 45. Kd3 Rc1 46. Rd2 Kg5 47. d5 f4 48. e4 Kf6 49. Kd4 Ra1 50.
e5+ Kf5 51. e6 Kf6 52. Re2 Ra4+ 53. Kc5 Ra5+ 54. Kc6 Ra6+ 55. Kb5 Ra8 56. d6 1-0

[Event "*** Titled Tuesday Blitz"]
[Site "Chess.com"]
[Date "2018.01.02"]
[Round "9"]
[White "IamSchrodingersCat"]
[Black "jposthuma"]
[Result "1-0"]
[WhiteElo "2380"]
[BlackElo "2316"]
[TimeControl "180+2"]
[EndTime "15:01:43 PST"]
[Termination "IamSchrodingersCat won by resignation"]

1. e4 c6 2. Nc3 d5 3. Nf3 Nf6 4.
e5 Ne4 5. Ne2 Qb6 6. d4 e6 7. Nfg1 f6 8. f3 Ng5 9. f4 Ne4 10. Ng3 Nxg3 11. hxg3 Nd7 12. Nf3 c5 13. Bd3 f5 14. Ng5 Be7 15. Nxh7 Kd8 16. Kf2 c4 17. Be2 Nf8 18. Nxf8 Rxf8 19. c3 Bd7 20. Rh7 Rg8 21.
Rb1 Kc7 22. b3 cxb3 23. axb3 Rac8 24. Be3 Kb8 25. c4 dxc4 26. bxc4 Qa5 27. d5 Bc5 28. dxe6 Bxe6 29. Bf3 Bxe3+ 30. Kxe3 Qc5+ 31. Qd4 Qxd4+ 32. Kxd4 Rxc4+ 33. Ke3 Rc7 34. Rd1 Rgc8 35. Rd6 Rc3+ 36. Kf2 Rc2+ 37. Kg1 Rc1+ 38. Kh2 Bc4 39. Rd7 Ba6 40.
Rdxg7 Rb1 41. g4 fxg4 42. Bxg4 Rf8 43. Rf7 Rg8 44. Rfg7 Rf8 45. Rf7 Rg8 46. Rhg7 Rh8+ 47. Kg3 Rb3+ 48. Bf3 Rb4 49. e6 Kc8 50. e7 Bb5 51.
Rf8+ 1-0

[Event "*** Titled Tuesday Blitz"]
[Site "Chess.com"]
[Date "2018.01.02"]
[Round "9"]
[White "AljoschaFeuerstack"]
[Black "attack2mateU"]
[Result "0-1"]
[WhiteElo "1909"]
[BlackElo "2603"]
[TimeControl "180+2"]
[EndTime "15:01:51 PST"]
[Termination "attack2mateU won by resignation"]

1. e4 c5 2. c3 Nf6 3. e5 Nd5 4. Nf3 Nc6 5. Bc4 Nb6 6. Bb3 c4 7. Bc2 d5 8. exd6 Qxd6 9. O-O Bg4 10. Re1 e6 11. b3 Qc7 12. Na3 Bxa3 13. Bxa3 O-O-O 14. Qe2 Bxf3 15. gxf3 Rd5 16. bxc4 Rg5+ 17. Kh1 Rh5 18.
f4 Rh4 19. Be4 Qxf4 20. f3 Nxc4 21. Bc5 Qxd2 22. Bxc6 bxc6 23. Bxa7 Qxe2 24. Rxe2 Rd8 25. Bd4 f6 26. Rxe6 Kd7 27. Rae1 Ra8 28. Re7+ Kd6 29. Rxg7 Rxa2 30. Rg2 Rxg2 31. Kxg2 Rh6 32. f4 c5 33. Bf2 Kd5 34. h4 Rg6+ 35. Kf3 h5 36. f5 Rg4 37.
Rd1+ Kc6 38. Re1 Ne5+ 39. Ke3 Kd5 40. Rd1+ Kc6 41. Ra1 Rg2 42. Bg1 Kd5 43. Rd1+ Kc4 44. Kf4 Rg4+ 45. Ke3 Rxh4 46. Bf2 Rh3+ 47. Ke2 Ng4 48.
Bg1 Rxc3 49. Rd6 Rg3 50. Kf1 Rf3+ 51. Ke2 Rxf5 52. Rc6 h4 53. Rc7 h3 54. Rh7 h2 0-1

[Event "*** Titled Tuesday Blitz"]
[Site "Chess.com"]
[Date "2018.01.02"]
[Round "9"]
[White "Kawhi_Leonard2"]
[Black "MatthewG-p4p"]
[Result "0-1"]
[WhiteElo "2185"]
[BlackElo "2599"]
[TimeControl "180+2"]
[EndTime "15:01:51 PST"]
[Termination "MatthewG-p4p won by resignation"]

1. e4 e6 2. d4 d5 3. Nd2 c5 4. exd5 cxd4 5. Ngf3 Qxd5 6. Bc4 Qd6 7. O-O Nf6 8. Nb3 Nc6 9. Nbxd4 Nxd4 10. Nxd4 a6 11. Re1 Qc7 12. Bf1 Bd7 13. Qf3 O-O-O 14. Be3 e5 15. Nf5 e4 16. Qh3 Qa5 17. g4 h5 18. Be2 g6 19. Qh4 Nd5 20. Bd4 Rg8 21. Ne3 Be7 22. Qg3 hxg4 23. Bc4 Nxe3 24.
Qxe3 Qf5 25. Qxe4 Bd6 26. Qxf5 Bxf5 27. Be5 Rgf8 28. Bg7 Rfe8 29. Bxf7 Rxe1+ 30. Rxe1 Rd7 31. Be6 Bxe6 32. Rxe6 Bc5 33. Rxg6 Rd2 34. Rxg4 Bxf2+ 35. Kf1 Rxc2 36. h4 Be3 37. h5 Rh2 38. Re4 Bc1 39. Rc4+ Kd7 40. Rxc1 Rh1+ 41. Ke2 Rxc1 42. h6 Rh1 43. Kd3 Ke6 44. Kc4 Rh5 45. a4 b6 46. b4 Rh4+ 47. Kd3 Kd5 48. Ke3 Kc4 49. b5 a5 50. Kf3 Kb3 51. Kg3 Rh1 52. Kg4 Kxa4 53.
Kg5 Kxb5 54. Kg6 Kc4 55. h7 Rxh7 56. Kxh7 b5 57. Kg6 b4 58. Kf5 Kd3 59. Bf8 b3 60.
Ba3 Kc2 61. Ke4 b2 62. Bxb2 Kxb2 63. Kd3 a4 0-1

[Event "*** Titled Tuesday Blitz"]
[Site "Chess.com"]
[Date "2018.01.02"]
[Round "9"]
[White "SmoothAsAHedgehog"]
[Black "LawrenceTrent"]
[Result "1/2-1/2"]
[WhiteElo "2550"]
[BlackElo "2396"]
[TimeControl "180+2"]
[EndTime "15:01:55 PST"]
[Termination "Game drawn by repetition"]

1. b3 Nf6 2. Bb2 g6 3. Nf3 Bg7 4. c4 O-O 5. g3 d6 6. d4 c5 7. Nc3 Qa5 8. Qd2 cxd4 9. Nxd4 Nc6 10. Nxc6 bxc6 11. Bg2 Bd7 12. O-O Rac8 13. Rfd1 Rfe8 14. Nd5 Qxd2 15. Nxf6+ Bxf6 16. Rxd2 Bxb2 17. Rxb2 c5 18. Rd1 a5 19. e4 Bc6 20. e5 Bxg2 21. Kxg2 dxe5 22.
Rd7 f6 23. Rbd2 Kf7 24. Ra7 Ra8 25. Rdd7 a4 26. Rxe7+ Rxe7 27. Rxa8 axb3 28. axb3 Rb7 29. Ra5 Rxb3 30. Rxc5 Ke6 31. Rc7 h5 32. h4 Rc3 33.
Rc6+ Kf5 34. Rc8 e4 35. c5 Ke5 36. c6 Kd6 37. Rg8 Rxc6 38. Rxg6 Ke6 39. Rh6 Rc5 40. Rh8 Kf7 41. Kf1 Kg6 42. Re8 Kf5 43. Rh8 Kg4 44. Ke2 Rc3 45. Re8 Kf5 46. Rh8 Kg4 47. Rg8+ Kf5 48. Rg7 Ra3 49. Rh7 Ra2+ 50. Ke3 Ra3+ 51.
Ke2 Ra2+ 52. Ke3 Ra3+ 53. Ke2 Kg4 54. Rg7+ Kf5 55. Rh7 1/2-1/2

[Event "*** Titled Tuesday Blitz"]
[Site "Chess.com"]
[Date "2018.01.02"]
[Round "9"]
[White "51616516516"]
[Black "PowerThinking2650"]
[Result "1-0"]
[WhiteElo "2089"]
[BlackElo "2191"]
[TimeControl "180+2"]
[EndTime "15:01:56 PST"]
[Termination "51616516516 won by resignation"]

1. d4 Nf6 2. c4 g6 3. Nf3 Bg7 4. g3 O-O 5. Bg2 d6 6. O-O Nbd7 7. Nc3 e5 8. e4 exd4 9. Nxd4 Re8 10. h3 Nc5 11.
Re1 Bd7 12. f3 Nh5 13. Kh2 Be5 14. f4 Bg7 15. Be3 Nf6 16. Bf2 Ne6 17. Nde2 Bc6 18. Qd2 b6 19. e5 dxe5 20. Qxd8 Nxd8 21. fxe5 Rxe5 22. Nd4 Rxe1 23. Rxe1 Bxg2 24. Kxg2 c5 25. Ndb5 Ne6 26. Nd5 Ne8 27. b3 a6 28. Nxb6 Rb8 29.
Nd7 Rb7 30. Nxc5 Rb6 31. Nxe6 Rxe6 32. Rxe6 fxe6 33. Nd4 Kf7 34. Nc6 e5 35. Bc5 Ke6 36. Nb8 a5 37. a4 e4 38. Nc6 Bc3 39. Bb6 Kd6 40. Nxa5 Nf6 41. c5+ Kd7 42. Nc4 Nd5 43. Ba5 Bd4 44. b4 e3 45. Kf3 g5 46. Nb6+ Nxb6 47.
Bxb6 h5 48. b5 g4+ 49. hxg4 hxg4+ 50. Ke2 Ke6 51. a5 Kd5 52. a6 1-0

[Event "*** Titled Tuesday Blitz"]
[Site "Chess.com"]
[Date "2018.01.02"]
[Round "9"]
[White "milovanratkovic"]
[Black "GM_dmitrij"]
[Result "0-1"]
[WhiteElo "2461"]
[BlackElo "2619"]
[TimeControl "180+2"]
[EndTime "15:02:06 PST"]
[Termination "GM_dmitrij won by resignation"]

1. d4 Nf6 2. Bg5 Ne4 3. Bf4 Nc6 4. f3 Nf6 5. e4 d5 6. e5 Nd7 7.
Be3 Nb6 8. Nd2 Bf5 9. Bd3 Bxd3 10. cxd3 e6 11. f4 Be7 12. Ngf3 O-O 13. O-O f5 14.
exf6 Bxf6 15. Ne5 Ne7 16. g4 Bxe5 17. fxe5 Ng6 18. Qe2 Qh4 19. Bf2 Qh3 20. Bg3 Na4 21. Nb3 c6 22. Na5 Rab8 23. Rxf8+ Rxf8 24. Nxb7 Rb8 25. Nd6 Rxb2 26. Qf1 Qxf1+ 27. Rxf1 Nc3 28. Bf2 Nf4 29. Be3 Nxd3 30. g5 Re2 31. Nc8 g6 32.
Bc1 Nxa2 33. Ba3 Re1 34. Rxe1 Nxe1 35. Ne7+ Kf7 36. Nxc6 Nc3 37. Nd8+ Ke8 38. Nxe6 a5 39. Kf2 Nc2 40. Bc5 a4 41. Nc7+ Kd7 42. Bd6 a3 43. Bxa3 Kxc7 44. Bd6+ Kd7 45. Bc5 Ke6 46. Ba7 Nb5 47.
Bb6 Ncxd4 48. h4 Nc6 49. Kg3 Nxe5 50. h5 gxh5 51. Kh4 d4 52. Kxh5 d3 53. Be3 Kf7 54. Kh6 Kg8 55. Bc1 Nd6 56. Bd2 Ne4 57. Be3 Ng6 58. Kh5 d2 59. Bxd2 Nxd2 60. Kh6 Ne4 61.
Kh5 Kg7 62. Kg4 Nd6 63. Kh5 Ne5 64. Kh4 Kg6 65. Kg3 Kxg5 0-1

[Event "*** Titled Tuesday Blitz"]
[Site "Chess.com"]
[Date "2018.01.02"]
[Round "9"]
[White "GGuseinov"]
[Black "severomorskij"]
[Result "1-0"]
[WhiteElo "2734"]
[BlackElo "2677"]
[TimeControl "180+2"]
[EndTime "15:02:08 PST"]
[Termination "GGuseinov won by resignation"]

1. e4 c5 2. Nc3 Nc6 3. Nf3 e5 4. Bc4 Be7 5. d3 Nf6 6. Ng5 O-O 7. O-O d6 8. f4 Bg4 9. Qe1 exf4 10. Bxf4 Nd4 11. Qd2 Qd7 12. Be3 a6 13. a4 h6 14.
Nf3 Nxf3+ 15. gxf3 Be6 16. Kh1 Kh7 17. Qg2 Bh3 18.
Qf2 Bxf1 19. Rxf1 Qh3 20. Nd5 Nxd5 21. Bxd5 Bh4 22. Qe2 Rab8 23. f4 f5 24. Rg1 Bf6 25. Rg3 Qh4 26. c3 g5 27. exf5 Rbe8 28. Be6 gxf4 29.
Rg4 Qh3 30. Bxf4 Be5 31. Rg3 Qh4 32. Rg4 Qh3 33. Rg3 Qh4 34. Bxe5 dxe5 35. Qxe5 Qf6 36. Qxf6 Rxf6 37. d4 cxd4 38. cxd4 Rd8 39. d5 b6 40. Rc3 Kg7 41. Rc7+ Kf8 42. Kg2 h5 43. Kf3 Rh6 44. Kf4 h4 45. Kg5 Rh8 46. h3 Ke8 47. f6 b5 48. axb5 axb5 49. b4 Rb8 50. Kg6 Rf8 51. d6 Rh8 52. d7+ Kd8 53. Rc8+ 1-0

[Event "*** Titled Tuesday Blitz"]
[Site "Chess.com"]
[Date "2018.01.02"]
[Round "9"]
[White "BillCoe"]
[Black "aa175"]
[Result "1/2-1/2"]
[WhiteElo "1927"]
[BlackElo "1890"]
[TimeControl "180+2"]
[EndTime "15:02:10 PST"]
[Termination "Game drawn by repetition"]

1. e4 e5 2. Nf3 Nc6 3. Bb5 Nf6 4. O-O Bc5 5. d3 d6 6. h3 O-O 7.
c3 a6 8. Ba4 Be6 9. b4 Ba7 10. Bc2 d5 11. Qe2 b5 12. Nbd2 d4 13. cxd4 Nxd4 14. Nxd4 Bxd4 15. Rb1 Bxa2 16. Bb2 Bxb1 17.
Rxb1 Bxb2 18. Rxb2 Qd4 19. Rb1 Rfd8 20. Nf3 Qc3 21.
Rb3 Qa1+ 22. Rb1 Qc3 23. Rb3 Qc6 24. Nxe5 Qe6 25. Nf3 Nd5 26. Qd2 Nf6 27. Qe2 Nh5 28. Qe3 Qb6 29. d4 a5 30. bxa5 Qxa5 31. g4 Nf6 32. e5 Nd5 33. Qe4 g6 34. e6 f6 35. e7 Nxe7 36. Qxe7 Qb6 37. Rc3 Qd6 38. Rxc7 Qxe7 39. Rxe7 Ra1+ 40. Kg2 Ra3 41. Rb7 Rc3 42. Be4 Rb3 43. Bc6 b4 44. d5 Kh8 45. Nd4 Rb1 46. Ne6 Rg8 47. Rf7 Rd1 48. Rxf6 b3 49. Ng5 b2 50. Rf7 Rg7 51. Rf8+ Rg8 52. Rf7 Rg7 53.
Rf8+ Rg8 54. Rf7 Rg7 55. Rf8+ Rg8 56. Rf7 1/2-1/2

[Event "*** Titled Tuesday Blitz"]
[Site "Chess.com"]
[Date "2018.01.02"]
[Round "9"]
[White "nickmatta"]
[Black "Jbd735"]
[Result "0-1"]
[WhiteElo "2208"]
[BlackElo "2295"]
[TimeControl "180+2"]
[EndTime "15:02:26 PST"]
[Termination "Jbd735 won on time"]

1. d4 d5 2. c4 c6 3. Nf3 e6 4.
Qc2 Nf6 5. g3 Nbd7 6. Bg2 Bd6 7.
O-O O-O 8. Nbd2 e5 9. cxd5 cxd5 10. dxe5 Nxe5 11. Nxe5 Bxe5 12. Nf3 Bd6 13. Rd1 h6 14. Be3 Be6 15. Nd4 Bd7 16. Qb3 Qa5 17. Qxb7 Rfb8 18. Nc6 Rxb7 19. Nxa5 Rxb2 20. Bxd5 Nxd5 21. Rxd5 Bb4 22.
Nc4 Be6 23. Nxb2 Bxd5 24. Nd3 Be7 25. a4 a5 26. Bc5 Bf6 27. Rb1 Bc6 28. Nf4 Bxa4 29.
Nd5 Bd8 30. Bb6 Bc6 31. Bxd8 Bxd5 32. Be7 Re8 33. Rb5 Bc4 34. Re5 a4 35. Re3 f6 36.
Kf1 Kf7 37. Ba3 Rxe3 38. fxe3 h5 39. Ke1 Ke6 40. Kd2 Kd5 41. Bf8 g6 42. Bg7 Ke5 43. Bf8 Bb5 44. Ke1 Kf5 45. Be7 Ke6 46. Bc5 Kd5 47.
Be7 f5 48. Kd2 Kc4 49. Kc2 Bc6 50. Ba3 Bg2 51. Be7 Bf1 52. Ba3 Bxe2 53. Be7 Bd3+ 54. Kb2 Be4 55. Bf6 Kd3 56. Bd4 g5 57. h4 g4 58. Ka3 f4 59. gxf4 g3 0-1

[Event "*** Titled Tuesday Blitz"]
[Site "Chess.com"]
[Date "2018.01.02"]
[Round "9"]
[White "Kimster98"]
[Black "TijanaBlagojevic"]
[Result "1/2-1/2"]
[WhiteElo "2468"]
[BlackElo "2374"]
[TimeControl "180+2"]
[EndTime "15:02:51 PST"]
[Termination "Game drawn by repetition"]

1. Nf3 d5 2. d4 Nf6 3. Bf4 c5 4. e3 Nc6 5. Nbd2 Bf5 6. c3 e6 7.
Qb3 Qc8 8. dxc5 Bxc5 9. Nh4 Bg4 10. h3 Bh5 11. g4 Bg6 12. Nxg6 hxg6 13. Bg2 Kf8 14.
O-O Kg8 15. e4 e5 16. Bg5 d4 17. Bxf6 gxf6 18. Rac1 Qd7 19. Nf3 Kg7 20. Rfd1 Rad8 21. Qa4 Qe6 22. b4 Bb6 23. b5 Ne7 24. cxd4 exd4 25.
Nxd4 Bxd4 26. Rxd4 Rxd4 27. Qxd4 Qxa2 28. e5 Qe6 29.
exf6+ Qxf6 30. Qxf6+ Kxf6 31. Bxb7 Rxh3 32. Rc7 Rb3 33.
Ba6 Nd5 34. Rxa7 Nf4 35. Rd7 Ke6 36. Rd1 Ne2+ 37. Kg2 Nc3 38. Rd3 Ke5 39. Bc8 Ke4 40. Re3+ Kd4 41. Rf3 Rxb5 42. Rxf7 Rb2 43. Bb7 Ke5 44. Rf8 Rxb7 45. Kg3 Ne4+ 46. Kg2 Rb2 47. Rf7 Nf6 48. Kg3 Ke6 49. Rf8 Ke7 50. Ra8 Nd7 51. f4 Rb3+ 52. Kh4 Kf7 53. Kg5 Nf8 54. f5 gxf5 55.
gxf5 Rg3+ 56. Kf4 Rg1 57. Ra7+ Kg8 58. Ke5 Re1+ 59. Kf6 Nh7+ 60. Kg6 Nf8+ 61. Kf6 Rb1 62. Kg5 Nh7+ 63. Kg6 Rb6+ 64. Kh5 Nf6+ 65. Kg5 Nh7+ 66.
Kf4 Nf8 67. Kg5 Rc6 68. Rb7 Rc5 69. Ra7 Rd5 70. Kf6 Nh7+ 71. Ke6 Rd1 72. Ke5 Re1+ 73. Kf4 Nf8 74. Kg5 Rb1 75. Kf6 Rb6+ 76. Kg5 Rb1 77.
Kf6 Rb6+ 78. Kg5 Rb1 79. Kf6 1/2-1/2

[Event "*** Titled Tuesday Blitz"]
[Site "Chess.com"]
[Date "2018.01.02"]
[Round "9"]
[White "Bryakin_Mikhail"]
[Black "Kirill_Klukin"]
[Result "1-0"]
[WhiteElo "2533"]
[BlackElo "2448"]
[TimeControl "180+2"]
[EndTime "15:02:57 PST"]
[Termination "Bryakin_Mikhail won by resignation"]

1. d4 Nf6 2. Bf4 g6 3. Nc3 Bg7 4. Qd2 d5 5. h4 h6 6. f3 c6 7. g4 Nbd7 8. O-O-O Nf8 9. e3 Ne6 10.
Be5 b5 11. Bd3 a5 12. h5 g5 13. Nge2 Ba6 14. Rhg1 a4 15. a3 Qb6 16. Na2 c5 17.
dxc5 Nxc5 18. Nb4 Bb7 19. Nd4 Rc8 20. Bxb5+ Kf8 21. Kb1 e6 22. Bd3 Ncd7 23. Bh2 Ne8 24. c3 Nd6 25. f4 Nc4 26. Qf2 Nc5 27. Bc2 Ne4 28. Bxe4 dxe4 29. fxg5 hxg5 30. Rgf1 f6 31. Ndc2 Ke8 32. Rd4 Rf8 33. Rfd1 Rf7 34. Bg3 f5 35. Rd6 Nxd6 36. Rxd6 Qb5 37. Rxe6+ Kf8 38. h6 Bh8 39. Bd6+ Kg8 40. Rg6+ Kh7 41. Rxg5 Rd8 42. Qf4 Bc8 43. Nd4 Bxd4 44. cxd4 Qc4 45. Be5 fxg4 46. Rg7+ Rxg7 47. hxg7 Qe6 48. d5 Qf5 49. Qh2+ Kg6 50. Qh8 Qf1+ 51. Kc2 Qe2+ 52. Kc3 Qe1+ 53. Kc4 Qf1+ 54.
Kc5 Qc1+ 55. Kb6 Qxe3+ 56. Kc7 Qa7+ 57. Kc6 Bd7+ 58. Kd6 Qb8+ 59. Ke7 Rf8 60. gxf8=Q Qxe5+ 61. Qxe5 1-0